 Dungeon Crawl Stone Soup version 0.32-a0-900-g30fb1b0edc (webtiles) character file.

Game seed: 9465704238922542282

2170 Foxy the Cutter (level 9, -11/103 HPs)
             Began as a Coglin Gladiator on Apr 6, 2024.
             Was an Initiate of Hepliaklqana.
             Killed from afar by a gargoyle (18 damage)
             ... with a stone arrow
             ... on level 6 of the Dungeon.
             The game lasted 00:10:42 (5098 turns).

Foxy the Cutter (Coglin Gladiator)                  Turns: 5098, Time: 00:10:43

Health: -11/103    AC: 24    Str: 16    XL:     9   Next: 32%
Magic:  9/9        EV:  2    Int:  9    God:    Hepliaklqana [......]
Gold:   386        SH:  0    Dex: 17    Spells: 8/8 levels left

rFire   . . .        n - +0 short sword (elec) {Manelesi}
rCold   . . .        o - +0 dagger (venom) {Pete}
rNeg    . . .        v - melded +0 robe of Defence {Regen+ Dex+3 Archmagi}
rPois   +            a - melded +0 helmet
rElec   .            (cloak currently unavailable)
rCorr   .            t - melded +0 pair of gloves
SInv    .            (boots currently unavailable)
Will    .....        (amulet unavailable)
Stlth   ++           (ring unavailable)
HPRegen 0.37/turn    (ring unavailable)
MPRegen 0.11/turn    (no gizmo)

%: no passive effects
@: tree-form, marked, revved
A: stationary, stasis, torment immunity, boosted hp, off-hand wielding, slow
wielding, warmup strikes, no jewellery
a: Invent Gizmo, Renounce Religion


You were on level 6 of the Dungeon.
You worshipped Hepliaklqana.
Hepliaklqana was noncommittal.
You were a tree.
You visited 2 branches of the dungeon, and saw 8 of its levels.

You collected 386 gold pieces.

Inventory:

Hand Weapons
 b - a +2 vampiric dagger
 n - a +0 short sword of electrocution (weapon) {Manelesi}
 o - a +0 dagger of venom (offhand) {Pete}
Missiles
 d - 3 throwing nets
 e - a javelin
 x - 10 poisoned darts (quivered)
Armour
 a - a +0 helmet (melded)
 t - a +0 pair of gloves (melded)
 u - a +2 scale mail of cold resistance
 v - the +0 robe of Defence (melded) {Regen+ Dex+3 Archmagi}
   (You found it on level 4 of the Dungeon)

   Dex+3:     It affects your dexterity (+3).
   Regen+:    It increases your rate of health regeneration.
   Archmagi:  It increases the power of your magical spells.
Wands
 s - a wand of flame (31)
 A - a wand of polymorph (8)
Scrolls
 c - a scroll of torment {unknown}
 g - 2 scrolls of fear
 h - 4 scrolls of teleportation {unknown}
 k - 7 scrolls of identify {unknown}
 r - 2 scrolls of revelation {unknown}
 w - a scroll of poison {unknown}
 y - a scroll of enchant weapon {unknown}
Potions
 f - 2 potions of lignification
 i - 3 potions of curing {unknown}
 j - a potion of attraction {unknown}
 l - 2 potions of mutation {unknown}
 m - a potion of brilliance {unknown}
 p - a potion of might {unknown}
 q - 2 potions of heal wounds {unknown}
 z - 2 potions of ambrosia {unknown}


   Skills:
 + Level 5.7 Fighting
 * Level 6.6 Short Blades
 - Level 3.6 Maces & Flails
 - Level 3.0 Throwing
 + Level 5.6 Dodging
 - Level 5.0 Evocations


You had 8 spell levels left.
You didn't know any spells.
Your spell library contained the following spells:

 Spells                   Type           Power      Damage    Failure   Level
 Apportation              Tloc           0%         N/A       38%         1
 Necrotise                Necr           0%         1d4       38%         1
 Sting                    Conj/Alch      0%         1d3       38%         1
 Summon Small Mammal      Summ           0%         N/A       38%         1
 Blink                    Tloc           0%         N/A       52%         2
 Call Imp                 Summ           0%         N/A       52%         2
 Lesser Beckoning         Tloc           0%         N/A       52%         2
 Momentum Strike          Conj/Tloc      0%         3d8       52%         2
 Sublimation of Blood     Necr           0%         N/A       52%         2
 Summon Hydra             Summ           0%         N/A       100%        7
 Chain Lightning          Conj/Air       0%         N/A       100%        9
 Fire Storm               Conj/Fire      0%         5d1       100%        9
 Shatter                  Erth           0%         3d5*      100%        9


Dungeon Overview and Level Annotations

Branches:
Dungeon (7/15)             Temple (1/1) D:5

Altars:
Ashenzari
Cheibriados
Gozag
Hepliaklqana
Makhleb
Nemelex Xobeh
Okawaru
Ru
Sif Muna
Uskayaw
Vehumet
Wu Jian
Xom
Yredelemnul


Innate Abilities, Weirdness & Mutations

You are a tree.
Your roots penetrate the ground, keeping you stationary.
You cannot be teleported.
You are immune to unholy pain and torment.
Your maximum health is greatly increased.
Your equipment is partially melded.
You can wield a second weapon in your off-hand.
It takes a long time for you to wield or remove held weapons.
Your first few attacks do less damage.
You cannot equip rings or amulets.


Message History

You hit the gargoyle but do no damage. You hit the gargoyle but do no damage.
The gargoyle is heavily damaged.
You hit the gargoyle but do no damage. The gargoyle hits you with a +0 mace.
You barely miss the gargoyle with your +0 short sword of electrocution.
The gargoyle is heavily damaged.
You hit the gargoyle but do no damage. The gargoyle closely misses you.
You hit the gargoyle but do no damage.
The gargoyle is heavily damaged.
You hit the gargoyle but do no damage. The gargoyle hits you with a +0 mace!
You hit the gargoyle but do no damage.
The gargoyle is heavily damaged.
You closely miss the gargoyle with your +0 short sword of electrocution.
You hit the gargoyle but do no damage.
The gargoyle is heavily damaged.
You hit the gargoyle but do no damage.
The gargoyle hurls a stone arrow at you.
The stone arrow hits you.
You hit the gargoyle but do no damage.
The gargoyle is heavily damaged.
You hit the gargoyle but do no damage. You hit the gargoyle but do no damage.
The gargoyle is heavily damaged.
You hit the gargoyle but do no damage. The gargoyle hits you with a +0 mace!
* * * LOW HITPOINT WARNING * * *
You hit the gargoyle with your +0 dagger of venom.
The gargoyle is heavily damaged.
You hit the gargoyle but do no damage.
The gargoyle hurls a stone arrow at you.
The stone arrow hits you!
* * * LOW HITPOINT WARNING * * *
It was a potion of lignification.
You turn into a tree.
Your +0 helmet melds into your body.
Your +0 pair of gloves melds into your body.
The +0 robe of Defence {Regen+ Dex+3 Archmagi} melds into your body.
Your roots penetrate the ground.
The gargoyle hurls a stone arrow at you.
The stone arrow hits you!!
You die...
Hepliaklqana delivers you to your ancestors.

#..._...##.##
#.###...###.#
#.......##..##
#.##.....##.##
##.....####..##
#...####.....# ##..)##
##..###..### ####.<#
##)## ##........#####..##
#..### #..............##
##.).#####....####.....##
#......÷.....## ###..## #
########....♣.####..##
###### ###.9........#
...#.########.....#######
................###
#..............##
#.....########## #.)...#
#....## #.....##


You could see a gargoyle.

Vanquished Creatures
  Prince Ribbit (D:5)
  A wraith (D:6)
  Sigmund (D:3)
  Menkaure (D:4)
  An orc warrior (D:6)
  An ice beast (D:3)
  2 ogres
  A phantom (D:5)
  2 bullfrogs
  3 scorpions
  A howler monkey (D:6)
  5 hounds
  2 bombardier beetles (D:6)
  A jelly (D:6)
  5 orc priests
  Jessica (D:2)
  Ijyb (D:4)
  Terence (D:3)
  2 iguanas
  3 orc wizards (D:4)
  Robin (D:4)
  7 adders
  A white imp (D:6)
  2 ufetubi (D:6)
  A dart slug (D:1)
  A ribbon worm (D:2)
  13 orcs
  2 bats
  3 endoplasms
  5 giant cockroaches
  15 goblins
  7 hobgoblins
  6 jackals
  2 quokkas
  4 ball pythons
  2 frilled lizards
  6 kobolds
  5 rats
119 creatures vanquished.

Notes
Turn   | Place    | Note
-------+----------+-------------------------------------------
     0 | D:1      | Foxy the Coglin Gladiator began the quest for the Orb.
     0 | D:1      | Reached XP level 1. HP: 16/16 MP: 1/1
    62 | D:1      | Reached XP level 2. HP: 22/22 MP: 2/2
   491 | D:1      | Reached XP level 3. HP: 19/27 MP: 3/3
   662 | D:2      | Noticed Jessica
   665 | D:2      | Killed Jessica
   821 | D:2      | Reached XP level 4. HP: 16/34 MP: 4/4
  1532 | D:3      | Noticed an ice beast
  1673 | D:3      | Noticed a scorpion
  1833 | D:3      | Reached XP level 5. HP: 26/40 MP: 5/5
  2072 | D:3      | Killed an ice beast
  2073 | D:3      | Reached skill level 1 in Short Blades
  2249 | D:3      | Noticed a +0 dagger
  2250 | D:3      | Noticed a +0 hand axe
  2251 | D:3      | Found a hide-covered altar of Uskayaw.
  2252 | D:3      | Noticed Terence
  2264 | D:3      | Killed Terence
  2265 | D:3      | Reached XP level 6. HP: 40/47 MP: 6/6
  2308 | D:3      | Noticed Sigmund
  2316 | D:3      | Killed Sigmund
  2317 | D:3      | Reached skill level 2 in Short Blades
  2392 | D:3      | Reached skill level 3 in Short Blades
  2532 | D:4      | Noticed Ijyb
  2553 | D:4      | Killed Ijyb
  2616 | D:4      | Noticed Robin
  2641 | D:4      | Killed Robin
  2642 | D:4      | Reached XP level 7. HP: 34/53 MP: 7/7
  2974 | D:4      | Noticed Menkaure
  3008 | D:4      | Killed Menkaure
  3009 | D:4      | Reached skill level 4 in Short Blades
  3020 | D:4      | Identified the +0 robe of Defence {Regen+ Dex+3 Archmagi}
  3538 | D:5      | Entered Level 5 of the Dungeon
  3552 | D:6      | Reached XP level 8. HP: 46/61 MP: 8/8
  3583 | D:6      | Found a broken altar of Ashenzari.
  3686 | D:5      | Found a staircase to the Ecumenical Temple.
  3711 | Temple   | Entered the Ecumenical Temple
  3739 | Temple   | Became a worshipper of Hepliaklqana the Forgotten
  3790 | D:5      | Reached skill level 1 in Evocations
  3867 | D:5      | Reached skill level 5 in Short Blades
  3982 | D:5      | Noticed Prince Ribbit
  3990 | D:5      | Reached skill level 5 in Dodging
  3995 | D:5      | Killed Prince Ribbit
  3996 | D:5      | Reached skill level 5 in Fighting
  4319 | D:6      | Noticed a wraith
  4412 | D:6      | Killed a wraith
  4413 | D:6      | Reached skill level 6 in Short Blades
  4413 | D:6      | Reached skill level 5 in Evocations
  4413 | D:6      | Reached XP level 9. HP: 50/68 MP: 9/9
  4433 | D:6      | Noticed a gargoyle
  4648 | D:6      | Found a snail-covered altar of Cheibriados.
  4767 | D:6      | Found a radiant altar of Vehumet.
  5027 | D:6      | Found a shimmering altar of Xom.
  5098 | D:6      | Killed from afar by a gargoyle

Illustrated notes

Levels and vault maps discovered:
D:1:      lemuel_arrival_lava_pool, layout_basic
D:2:      layout_basic, kennysheep_generic_room_2, uniq_jessica
D:3:      layout_basic, dancing_weapons_uskayaw, minmay_quadrilaterals,
          uniq_terence, uniq_sigmund
D:4:      layout_basic, grunt_decor_clamped, uniq_menkaure, uniq_robin,
          uniq_ijyb
D:5:      kennysheep_six_static_rooms, layout_rooms,
          minmay_temple_entry_proselytizer, uniq_prince_ribbit1
D:6:      layout_layer_cave, mainiacjoe_overflow_chevrons, lemuel_round_altar,
          regret_index_xom_buried_treasure, nicolae_ashenzari_panopticon,
          minmay_manual_moon
D:7:      layout_cave_pools, grunt_dithmenos_smoke, lemuel_doored_altar,
          uniq_maurice, uniq_crazy_yiuf_cottage
Temple:   nicolae_temple_bog_church

Skill      XL: |  1  2  3  4  5  6  7  8 |
---------------+-------------------------+-----
Maces & Flails | 3 |  3.6
Throwing       | 2 3 |  3.0
Dodging        | 3 4 5 |  5.6
Fighting       | 3 4 5 |  5.7
Short Blades   | 1 3 4 6 |  6.6
Evocations     | 5 |  5.0

Action                     |  1- 3 |  4- 6 |  7- 9 || total
---------------------------+-------+-------+-------++-------
  Melee: Flail             |    57 |    26 |       ||    83
         Dagger            |    40 |    80 |   194 ||   314
         Whip              |    10 |    25 |       ||    35
         Short sword       |       |    81 |   205 ||   286
  Evoke: Wand              |       |       |    12 ||    12
    Use: Scroll            |       |     1 |       ||     1
         Potion            |       |       |     1 ||     1
   Stab: Sleeping          |     1 |       |     1 ||     2
 Armour: Leather armour    |    37 |    58 |       ||    95
         Scale mail        |       |    19 |    25 ||    44
         Robe              |       |       |    68 ||    68
         Skin              |       |       |     1 ||     1
  Dodge: Dodged            |    37 |    60 |   113 ||   210

Table legend: (Time is in decaauts)
 A = Elapsed time spent in this place.
 B = Non-inter-level travel time spent in this place.
 C = Inter-level travel time spent in this place.
 D = Time resting spent in this place.
 E = Time spent auto-exploring this place.
 F = Levels seen in this place.
 G = Mean time per level.
                   A        B        C        D        E       F      G
               +--------+--------+--------+--------+--------+-----+--------+
         Total |   5065 |   4699 |    366 |    133 |   3447 |   8 |  633.1 |
       Dungeon |   5023 |   4686 |    337 |    133 |   3447 |   7 |  717.6 |
        Temple |     41 |     12 |     29 |      0 |      0 |   1 |   41.0 |
               +--------+--------+--------+--------+--------+-----+--------+

Top non-repeatable levels by time:
     D:4: 1109 daAuts
     D:2: 952 daAuts
     D:3: 906 daAuts
     D:6: 792 daAuts
     D:1: 667 daAuts
     D:5: 593 daAuts
  Temple: 41 daAuts
     D:7: 1 daAuts
